 Dungeon Crawl Stone Soup version 0.29-a0-418-gc0181ea820 (webtiles) character file.

Game seed: 14092623508545849208

27 jimonade the Shield-Bearer (level 3, 0/30 HPs)
             Began as a Formicid Fighter on May 18, 2022.
             Slain by an iguana (4 damage)
             ... on level 2 of the Dungeon.
             The game lasted 00:02:14 (1082 turns).

jimonade the Shield-Bearer (Formicid Fighter)       Turns: 1082, Time: 00:02:14

Health: 0/30       AC:  6    Str: 22    XL:     3   Next: 25%
Magic:  3/3        EV:  9    Int:  7    God:
Gold:   34         SH:  4    Dex: 10    Spells: 2/2 levels left

rFire   . . .      SeeInvis +   a - +0 quarterstaff
rCold   . . .      Faith    .   c - +0 buckler
rNeg    . . .      Spirit   .   b - +0 scale mail
rPois   .          Reflect  .   (helmet unavailable)
rElec   .          Harm     .   (no cloak)
rCorr   .          Rampage  .   (no gloves)
Will    .....                   (no boots)
Stlth   ..........              (no amulet)
HPRegen 0.10/turn               (no ring)
MPRegen 0.08/turn               (no ring)

@: no status effects
A: permanent stasis, dig shafts and tunnels, antennae 3, four strong arms
a: Dig, Shaft Self


You were on level 2 of the Dungeon.
You visited 1 branch of the dungeon, and saw 2 of its levels.

You collected 34 gold pieces.

Inventory:

Hand Weapons
 a - a +0 quarterstaff (weapon)
Missiles
 g - 17 stones
Armour
 b - a +0 scale mail (worn)
 c - a +0 buckler (worn)
Scrolls
 e - 2 scrolls of immolation {unknown}
 j - a scroll of teleportation {unknown}
Potions
 d - a potion of might
 f - a potion of brilliance {unknown}
 h - a potion of haste {unknown}
 i - a potion of heal wounds {unknown}


   Skills:
 * Level 3.9 Fighting
 + Level 2.1 Staves
 + Level 3.6 Armour
 + Level 4.4 Shields


You had 2 spell levels left.
You didn't know any spells.
Your spell library contained the following spells:

 Spells                   Type           Power      Damage    Failure   Level
 Fireball                 Conj/Fire      0%         3d3       100%        5
 Iskenderun's Battlesphe  Conj           0%         2d6       100%        5
 Conjure Ball Lightning   Conj/Air       0%         3x3d6     100%        6
 Orb of Destruction       Conj           0%         9d5       100%        7


Dungeon Overview and Level Annotations

Branches:
Dungeon (2/15)

Altars:

Shops:
D:1 [


Innate Abilities, Weirdness & Mutations

You cannot be hasted, slowed, berserked, paralysed or teleported.
You can dig through walls and to a lower floor.
You have a pair of large antennae on your head. (SInv)
Your four strong arms can wield two-handed weapons with a shield.


Message History

The giant cockroach bites you but does no damage.
You thump the giant cockroach!
You kill the giant cockroach!
You hit the giant cockroach.
You kill the giant cockroach!
No target in view!
You see here a giant cockroach corpse.
Found a stone staircase leading up.
You sense a monster nearby.
i - a black potion
j - a scroll labelled MON HIVERPH You sense a monster nearby.
You now have 34 gold pieces (gained 3).
There are no items here.
An iguana comes into view.
The iguana hisses angrily.
The iguana barely misses you.
You barely miss the iguana. The iguana barely misses you.
You closely miss the iguana. The iguana barely misses you.
You hit the iguana but do no damage. The iguana closely misses you.
The iguana bites you.
You hit the iguana but do no damage. The iguana bites you.
You hit the iguana but do no damage. You block the iguana's attack.
You barely miss the iguana. The iguana barely misses you.
You hit the iguana but do no damage. The iguana bites you.
The iguana bites you but does no damage.
You hit the iguana.
The iguana is lightly wounded.
The iguana bites you.
You hit the iguana.
The iguana is moderately wounded.
The iguana bites you!
* * * LOW HITPOINT WARNING * * *
You barely miss the iguana.
The iguana is moderately wounded.
The iguana closely misses you.
You barely miss the iguana.
The iguana is moderately wounded.
The iguana bites you.
You die...

#### ...########
#........#
##..#####.########
.................#
##..##....######@#
....###...# #l#
......###.# #.#
..........# #.#
......##### #..
......# ###
......# ......#..
.........


You could see an iguana.

Vanquished Creatures
  2 ball pythons (D:1)
  4 endoplasms (D:1)
  2 giant cockroaches (D:2)
  2 goblins
  4 hobgoblins
  4 jackals (D:1)
  A bat (D:1)
  A frilled lizard (D:1)
  A rat (D:2)
21 creatures vanquished.

Vanquished Creatures (others)
  6 plants
6 creatures vanquished.

Grand Total: 27 creatures vanquished

Notes
Turn   | Place    | Note
-------+----------+-------------------------------------------
     0 | D:1      | jimonade the Formicid Fighter began the quest for the Orb.
     0 | D:1      | Reached XP level 1. HP: 18/18 MP: 1/1
   165 | D:1      | Reached XP level 2. HP: 24/24 MP: 2/2
   198 | D:1      | Found Cyhosk's Antique Armour Boutique.
   251 | D:1      | Found a faded altar of an unknown god.
   768 | D:2      | Reached XP level 3. HP: 9/30 MP: 3/3
  1082 | D:2      | Slain by an iguana

Illustrated notes

Levels and vault maps discovered:
D:1:      amcnicky_arrival_wind_blow, layout_rooms, serial_shops,
          nicolae_shop_overgrown_old_shop, dreamdust_ecumenical_altar_statues,
          nrook_mini_backslash, st_stairs_9, kennysheep_boxes
D:2:      layout_loops_cross, serial_bayou_lake_a

Action                   || total
-------------------------++-------
Melee: Quarterstaff      ||    62
 Abil: Dig               ||     2
Armor: Scale mail        ||    25
Dodge: Dodged            ||    35
Block: Buckler           ||    11

Table legend: (Time is in decaauts)
 A = Elapsed time spent in this place.
 B = Non-inter-level travel time spent in this place.
 C = Inter-level travel time spent in this place.
 D = Time resting spent in this place.
 E = Time spent auto-exploring this place.
 F = Levels seen in this place.
 G = Mean time per level.
                   A        B        C        D        E       F      G
               +--------+--------+--------+--------+--------+-----+--------+
         Total |   1102 |   1087 |     15 |      0 |    902 |   2 |  551.0 |
       Dungeon |   1102 |   1087 |     15 |      0 |    902 |   2 |  551.0 |
               +--------+--------+--------+--------+--------+-----+--------+

Top non-repeatable levels by time:
     D:1: 965 daAuts
     D:2: 137 daAuts
